 Dungeon Crawl Stone Soup version 0.31-a0-1612-g4aaf141004 (webtiles) character file.

Game seed: 9359121476375428189

2 tsouns the Slasher (level 1, 0/28 HPs)
             Began as a Barachi Berserker on Jan 9, 2024.
             Was a Follower of Trog.
             Slain by a quokka (5 damage)
             ... on level 1 of the Dungeon.
             The game lasted 00:00:18 (160 turns).

tsouns the Slasher (Barachi Berserker)               Turns: 160, Time: 00:00:19

Health: 0/28       AC:  2    Str: 18    XL:     1   Next: 30%
Magic:  1/1        EV: 12    Int:  7    God:    Trog [*.....]
Gold:   8          SH:  0    Dex: 11    Spells: 0/0 levels left

rFire   . . .        a - +0 falchion
rCold   . . .        (no shield)
rNeg    . . .        b - +0 animal skin
rPois   .            (no helmet)
rElec   .            (no cloak)
rCorr   .            (no gloves)
SInv    .            (no boots)
Will    .....        (no amulet) Stlth
                     (no ring)
HPRegen 0.24/turn    (no ring)
MPRegen 0.07/turn

%: no passive effects
@: berserking, quick
A: amphibious, slowness 1, strong legs 1, +LOS
a: Hop, Renounce Religion, Berserk


You were on level 1 of the Dungeon.
You worshipped Trog.
Trog was aware of your devotion.
You visited 1 branch of the dungeon, and saw 1 of its levels.

You collected 8 gold pieces.

Inventory:

Hand Weapons
 a - a +0 falchion (weapon)
Armour
 b - a +0 animal skin (worn)
Potions
 c - a potion of might {unknown}


   Skills:
 + Level 3.6 Fighting
 * Level 3.7 Long Blades
 + Level 2.4 Armour
 + Level 2.2 Dodging


You couldn't memorise any spells.
You didn't know any spells.
Your spell library was empty.

Dungeon Overview and Level Annotations

Branches:
Dungeon (1/15)

Altars:


Innate Abilities, Weirdness & Mutations

You are amphibious.
You cover ground slowly.
You can hop short distances.
You have an extended range of vision and can be seen from far away.


Message History

You barely miss the ball python. The ball python bites you.
The ball python constricts you. The quokka barely misses you.
You are too injured to fight recklessly!
You are too injured to fight recklessly!
You are too injured to fight recklessly!
You are too injured to fight recklessly!
You are too injured to fight recklessly!
You are too injured to fight recklessly!
You are too injured to fight recklessly!
You are too injured to fight recklessly!
You are too injured to fight recklessly!
You are too injured to fight recklessly!
You are too injured to fight recklessly!
You are too injured to fight recklessly!
You are too injured to fight recklessly!
You are too injured to fight recklessly!
You are too injured to fight recklessly!
You are too injured to fight recklessly!
You are too injured to fight recklessly!
A red film seems to cover your vision as you go berserk!
You feel yourself moving faster!
You feel mighty!
The ball python bites you but does no damage.
The ball python constricts you. The quokka bites you.
The ball python bites you but does no damage.
The ball python constricts you.
You barely miss the ball python. The quokka bites you.
You closely miss the ball python. The ball python bites you.
The ball python constricts you. The quokka closely misses you.
You barely miss the ball python. Your punch misses the ball python.
The ball python closely misses you. The ball python constricts you.
You barely miss the ball python. The quokka bites you.
* * * LOW HITPOINT WARNING * * *
The ball python closely misses you. The ball python constricts you.
* * * LOW HITPOINT WARNING * * *
You slash the ball python!
You kill the ball python!
Trog accepts your kill. The quokka barely misses you.
You closely miss the quokka. The quokka bites you.
You die...

#.#.###.#.#.#......#
#.#.#<#####(#..###.########
#.#.##'.#.#.#..#..........#
#.##...##.#.#..#....).....#
##.#####.##.#.............#
##.....##.##..#..........#
####### ##...#.>....)...#
##...........#####
#...@........#
........r........#
#.#....#......####
#[............#
###...........#
.....(.......#
.......#......#
.......#......#
..#....#......#


You could see a quokka.

Vanquished Creatures
  A ball python (D:1)
  A kobold (D:1)
2 creatures vanquished.

Notes
Turn   | Place    | Note
-------+----------+-------------------------------------------
     0 | D:1      | tsouns the Barachi Berserker began the quest for the Orb.
     0 | D:1      | Reached XP level 1. HP: 18/18 MP: 1/1
   160 | D:1      | Slain by a quokka

Illustrated notes

Levels and vault maps discovered:
D:1:      evilmike_arrival_rings, layout_rooms

Action                     || total
---------------------------++-------
  Melee: Falchion          ||    21
 Invoke: Berserk           ||     1
 Armour: Animal skin       ||    17
  Dodge: Dodged            ||    14

Table legend: (Time is in decaauts)
 A = Elapsed time spent in this place.
 B = Non-inter-level travel time spent in this place.
 C = Inter-level travel time spent in this place.
 D = Time resting spent in this place.
 E = Time spent auto-exploring this place.
 F = Levels seen in this place.
 G = Mean time per level.
                   A        B        C        D        E       F      G
               +--------+--------+--------+--------+--------+-----+--------+
         Total |    176 |    176 |      0 |      0 |    141 |   1 |  176.0 |
       Dungeon |    176 |    176 |      0 |      0 |    141 |   1 |  176.0 |
               +--------+--------+--------+--------+--------+-----+--------+

Top non-repeatable levels by time:
     D:1: 176 daAuts
